Map: 시뮬레이크럼 - 래더

Players

lllllllllll (sOs) - Winner!

  • Race: Protoss Protoss
  • League: Grandmaster
  • Spawn Location: 11:00

Astrea

  • Race: Protoss Protoss
  • League: Grandmaster
  • Spawn Location: 5:00

VOD

Have the link to the VOD?

Description

Time

  • Played on: Jan. 8, 2020, 6:13 a.m.
  • Length: 13:07
Show
View Real Time Build Order
Export as new Build Order

lllllllllll Protoss - Winner!

Build Orders:  

Get SALT Encoding   

  12  0:00  Probe  
  13  0:12  Probe  
  14  0:17  Pylon  
  14  0:24  Probe (Chrono Boost)  
  16  0:36  Probe (Chrono Boost)  
  16  0:37  Gateway  
  16  0:43  Probe (Chrono Boost)  
  16  0:47  Assimilator  
  17  0:51  Probe  
  17  0:55  Assimilator  
  18  1:03  Probe (Chrono Boost)  
  19  1:07  Gateway  
  20  1:12  Probe (Chrono Boost)  
  20  1:17  Probe (Chrono Boost)  
  20  1:24  Cybernetics Core  
  21  1:29  Probe  
  22  1:33  Pylon  
  22  1:41  Probe  
  23  1:53  Probe  
  24  1:57  Warp Gate (Chrono Boost)  
  24  1:59  Stalker  
  24  2:00  Stalker  
  28  2:11  Pylon  
  28  2:21  Pylon  
  28  2:29  Stalker x2  
  32  2:49  Gateway  
  32  2:51  Pylon  
  31  3:02  Stalker x2  
  34  3:09  Pylon  
  34  3:11  Probe  
  35  3:28  Probe  
  32  3:41  Pylon  
  32  3:44  Stalker x2  
  32  3:47  Stalker  
  36  4:10  Stalker x2  
  36  4:13  Stalker  
  38  4:35  Probe  
  38  4:38  Twilight Council  
  35  4:49  Probe  
  34  5:02  Probe  
  34  5:03  Sentry, Stalker x2  
  34  5:05  Blink (Chrono Boost)  
  41  5:30  Nexus  
  41  5:35  Stalker  
  43  5:48  Stalker  
  45  5:50  Stalker  
  45  5:53  Probe  
  48  6:05  Robotics Facility  
  47  6:14  Stalker  
  49  6:19  Stalker  
  51  6:25  Stalker  
  51  6:27  Probe  
  54  6:46  Probe (Chrono Boost), Stalker x2  
  60  6:47  Probe (Chrono Boost)  
  60  6:52  Observer  
  61  6:58  Probe (Chrono Boost)  
  61  7:00  Pylon  
  62  7:09  Pylon  
  62  7:19  Probe, Observer  
  62  7:21  Stalker x3  
  69  7:27  Probe  
  67  7:31  Probe  
  67  7:33  Charge (Chrono Boost)  
  67  7:35  Pylon  
  68  7:39  Probe  
  68  7:43  Probe  
  70  7:55  Zealot x3, Observer  
  76  7:59  Gateway  
  76  8:04  Observer  
  76  8:09  Gateway  
  78  8:20  Warp Prism  
  75  8:46  Zealot x3  
  81  9:02  Probe, Pylon  
  82  9:04  Pylon  
  82  9:08  Templar Archives  
  82  9:12  Nexus  
  80  9:51  Zealot  
  80  9:52  Sentry, Zealot  
  82  9:53  Zealot  
  76  10:03  Probe x2 (Chrono Boost)  
  76  10:05  Gateway  
  78  10:08  Gateway  
  78  10:09  Gateway, Assimilator  
  80  10:14  Probe x2 (Chrono Boost), Assimilator  
  80  10:15  High Templar x2  
  80  10:16  Zealot x3  
  80  10:21  Probe x2 (Chrono Boost)  
  92  10:36  Probe x2 (Chrono Boost)  
  92  10:38  Probe (Chrono Boost)  
  91  10:45  High Templar x2, Zealot  
  91  10:49  Probe x2 (Chrono Boost)  
  99  10:50  Probe (Chrono Boost)  
  99  10:51  Pylon  
  99  10:52  Archon x2  
  99  10:54  Probe x3 (Chrono Boost), Observer  
  103  11:04  Zealot x2  
  107  11:07  Zealot  
  107  11:08  Zealot  
  111  11:13  Probe (Chrono Boost)  
  114  11:19  Probe x2 (Chrono Boost)  
  114  11:25  Probe (Chrono Boost), High Templar x2  
  118  11:27  Probe x2 (Chrono Boost), Pylon  
  121  11:33  Zealot x2  
  121  11:35  Archon  
  125  11:42  Pylon  
  125  11:45  Pylon  
  125  11:54  Probe x3  
  126  11:58  Zealot x3  
  133  12:04  Pylon  
  131  12:24  Zealot x6  
  131  12:25  Zealot x2  
  129  12:50  Zealot  
  129  12:51  Zealot x7  
Show
View Real Time Build Order
Export as new Build Order

Astrea Protoss 

Build Orders: Phoenix Opening 

Get SALT Encoding   

  12  0:01  Probe  
  13  0:13  Probe  
  14  0:18  Pylon  
  14  0:25  Probe (Chrono Boost)  
  15  0:37  Probe (Chrono Boost), Gateway  
  16  0:44  Probe (Chrono Boost)  
  16  0:47  Assimilator  
  17  0:51  Probe  
  17  0:55  Assimilator  
  18  1:03  Probe (Chrono Boost)  
  19  1:10  Gateway  
  19  1:13  Probe (Chrono Boost)  
  20  1:18  Probe (Chrono Boost)  
  20  1:25  Cybernetics Core  
  21  1:30  Probe  
  22  1:36  Pylon  
  22  1:42  Probe  
  24  2:01  Adept x2  
  24  2:05  Stargate  
  24  2:07  Probe  
  28  2:18  Pylon  
  28  2:19  Probe  
  28  2:20  Warp Gate  
  29  2:33  Probe  
  30  2:47  Stalker x2  
  30  2:49  Phoenix (Chrono Boost)  
  36  2:59  Pylon  
  36  3:04  Gateway  
  36  3:14  Phoenix  
  36  3:35  Pylon  
  36  3:39  Phoenix (Chrono Boost)  
  34  4:01  Phoenix (Chrono Boost), Shield Battery  
  36  4:08  Pylon  
  36  4:10  Sentry  
  36  4:12  Pylon  
  23  4:33  Stalker x2  
  23  4:37  Probe  
  23  4:49  Probe  
  24  4:53  Adept  
  24  4:56  Adept  
  28  5:02  Probe  
  29  5:15  Probe  
  29  5:19  Pylon  
  30  5:27  Probe  
  31  5:39  Probe  
  31  5:40  Robotics Facility  
  31  5:51  Probe  
  32  6:02  Sentry  
  32  6:03  Probe  
  35  6:19  Probe  
  36  6:26  Immortal (Chrono Boost)  
  36  6:31  Probe  
  41  6:37  Stalker  
  43  6:50  Shield Battery  
  43  6:53  Stalker  
  45  7:01  Sentry  
  47  7:09  Pylon  
  47  7:27  Observer (Chrono Boost)  
  44  7:33  Probe  
  45  7:43  Nexus  
  45  7:46  Probe  
  45  7:50  Sentry  
  48  7:58  Probe  
  49  8:08  Pylon  
  49  8:10  Probe  
  50  8:17  Immortal (Chrono Boost)  
  54  8:22  Probe  
  55  8:36  Probe  
  57  8:48  Probe  
  57  8:52  Immortal (Chrono Boost), Robotics Bay  
  61  8:56  Probe  
  62  9:03  Probe (Chrono Boost)  
  64  9:13  Probe (Chrono Boost)  
  64  9:15  Probe (Chrono Boost)  
  65  9:22  Probe (Chrono Boost)  
  65  9:23  Probe (Chrono Boost), Shield Battery  
  67  9:24  Shield Battery  
  66  9:37  Sentry x3  
  72  9:41  Probe  
  73  9:48  Probe  
  63  9:53  Probe  
  62  10:00  Probe  
  62  10:05  Probe  
  64  10:12  Probe  
  65  10:14  Disruptor (Chrono Boost)  
  65  10:17  Probe  
  69  10:24  Probe  
  70  10:47  Pylon  
  70  10:49  Pylon  
  70  11:02  Disruptor (Chrono Boost)  
  70  11:04  Assimilator  
  70  11:05  Probe x2  
  70  11:06  Assimilator  
  70  11:08  Pylon  
  75  11:17  Probe x2  
  77  11:25  Pylon  
  77  11:28  Disruptor (Chrono Boost)  
  77  11:29  Probe x2  
  82  11:42  Probe x2  
  82  11:46  Nexus  
  84  11:47  Pylon  
  84  11:54  Probe x2  
  86  12:00  Pylon  
  86  12:01  Disruptor (Chrono Boost)  
  89  12:09  Stalker x2  
  92  12:30  Disruptor (Chrono Boost)  
Tags
 
Add a new tag
Caveats
  • Supply blocks, unpowered buildings, or Contaminate may cause inaccurate times.
  • Supply counts are checked every 10 seconds.